 Dungeon Crawl Stone Soup version 0.30-a0-918-g0ff054e9dc (webtiles) character file.

Game seed: 103859463500988088

4826 cforsyth the Fighter (level 10, 0/87 HPs)
             Began as a Human Fighter on Mar 20, 2023.
             Was a Priest of Okawaru.
             Slain by a hornet (1 damage)
             ... while paralysed by a hornet
             ... on level 8 of the Dungeon.
             The game lasted 00:12:39 (9423 turns).

cforsyth the Fighter (Human Fighter)                Turns: 9423, Time: 00:12:39

Health: 0/87       AC: 14    Str: 20    XL:     10   Next: 77%
Magic:  10/10      EV:  2    Int:  8    God:    Okawaru [***...]
Gold:   491        SH:  0    Dex: 14    Spells: 9/9 levels left

rFire   . . .      SeeInvis .    C - +6 flail (protect)
rCold   . . .      Faith    .    c - +0 buckler
rNeg    + . .      Spirit   .    r - +4 ring mail of Eternal Night {rN+}
rPois   .          Reflect  .    w - +0 helmet
rElec   .          Rampage  .    (no cloak)
rCorr   .                        (no gloves)
Will    .....                    (no boots)
Stlth   +                        n - amulet of the acrobat
HPRegen 0.34/turn                o - +4 ring of protection
MPRegen 0.12/turn                (no ring)

@: paralysed, lethally poisoned (0 -> -22), slowed
A: no striking features
a: Renounce Religion, Heroism


You were on level 8 of the Dungeon.
You worshipped Okawaru.
Okawaru was most pleased with you.
You visited 1 branch of the dungeon, and saw 9 of its levels.

You collected 491 gold pieces.

Inventory:

Hand Weapons
 a - a +1 flail
 u - the +3 whip "Rarhilyrr" {flame, rN+}
   (You found it on level 3 of the Dungeon)

   rN:        It protects you from negative energy.
 C - a +6 flail of protection (weapon)
Armour
 b - a +0 scale mail
 c - a +0 buckler (worn)
 r - the +4 ring mail of Eternal Night (worn) {rN+}
   (You found it on level 3 of the Dungeon)

   rN:        It protects you from negative energy.
 w - a +0 helmet (worn)
 B - a +0 cloak
 N - a +0 plate armour
Jewellery
 f - a ring of wizardry
 n - an amulet of the acrobat (around neck)
 o - a +4 ring of protection (left hand)
 F - an amulet of magic regeneration
 J - an amulet of regeneration
 M - a ring of fire
Wands
 y - a wand of paralysis (4)
 I - a wand of mindburst (5)
Scrolls
 e - 3 scrolls of fog {unknown}
 h - a scroll of brand weapon {unknown}
 j - a scroll of vulnerability {unknown}
 l - a scroll of enchant weapon
 s - 2 scrolls of poison {unknown}
 x - a scroll of amnesia
 E - a scroll of teleportation
 H - a scroll of identify
 K - a scroll of blinking {unknown}
Potions
 d - a potion of might
 g - 2 potions of resistance
 i - 2 potions of brilliance
 k - 2 potions of ambrosia
 m - 2 potions of invisibility
 p - a potion of heal wounds
 q - a potion of haste
 t - a potion of degeneration {unknown}
 v - 2 potions of mutation
 z - a potion of attraction {unknown}
 A - 2 potions of flight {unknown}
 D - a potion of curing {unknown}
 G - a potion of berserk rage {unknown}
 L - a potion of cancellation {unknown}


   Skills:
 + Level 11.1 Fighting
 + Level 10.9 Maces & Flails
 - Level 3.0 Armour
 - Level 3.0 Shields


You had 9 spell levels left.
You didn't know any spells.
Your spell library contained the following spells:

 Spells                   Type           Power      Damage    Failure   Level
 Ensorcelled Hibernation  Hex/Ice        0%         N/A       82%         2
 Gell's Gravitas          Tloc           0%         N/A       96%         3
 Kindle Blastsparks       Fire/Tloc/Air  0%         2d10      96%         3
 Spider Form              Tmut/Pois      0%         N/A       96%         3
 Teleport Other           Tloc           0%         N/A       96%         3
 Anguish                  Hex/Necr       0%         N/A       100%        4
 Cause Fear               Hex            0%         N/A       100%        4
 Fulminant Prism          Conj/Hex       0%         3d5       100%        4
 Iskenderun's Mystic Bla  Conj/Tloc      0%         2d3       100%        4
 Petrify                  Tmut/Erth      0%         N/A       100%        4
 Blade Hands              Tmut           0%         N/A       100%        5
 Lee's Rapid Deconstruct  Erth           0%         3d4*      100%        5
 Metabolic Englaciation   Hex/Ice        0%         N/A       100%        5
 Dispersal                Tloc           0%         N/A       100%        6
 Iron Shot                Conj/Erth      0%         9d1       100%        6
 Statue Form              Tmut/Erth      0%         N/A       100%        6
 Dragon Form              Tmut           0%         N/A       100%        7
 Animate Armour           Summ/Erth      Unusable   N/A       N/A         4
 Dragon's Call            Summ           Unusable   N/A       N/A         9

Dungeon Overview and Level Annotations

Branches:
Dungeon (9/15)             Temple (0/1) D:5
   Lair: D:8-11         Orc: D:9-12

Altars:
Elyvilon
Fedhas
Okawaru
Trog
Uskayaw
Vehumet
Yredelemnul
The Shining One

Shops:
D:5 :


Message History

The hornet resists with significant effort.
You feel very sick.
The killer bee stings you but does no damage.
You block the killer bee's attack. The hornet closely misses you.
The killer bee stings you but does no damage.
The hornet stings you but does no damage.
Aiming: Paralyse
Press: ? - help, Shift-Dir - straight line, f/p - hornet
Aim: a hornet (lightly wounded, chance to affect: 39%)
The hornet resists with some effort.
You feel very sick.
The killer bee stings you but does no damage. x2
The hornet closely misses you. The killer bee barely misses you.
The hornet stings you but does no damage.
Aiming: Paralyse
Press: ? - help, Shift-Dir - straight line, f/p - hornet
Aim: a hornet (lightly wounded, chance to affect: 39%)
The hornet resists with some effort.
You feel sick.
The killer bee stings you but does no damage.
The hornet stings you.
* * * LOW HITPOINT WARNING * * *
You feel as though you will be slow longer.
The killer bee stings you but does no damage.
The hornet stings you but does no damage.
The killer bee stings you but does no damage.
Aiming: Paralyse
Press: ? - help, Shift-Dir - straight line, f/p - hornet
Aim: a hornet (lightly wounded, chance to affect: 39%)
The hornet resists with some effort.
You feel sick. The killer bee closely misses you. The hornet stings you.
* * * LOW HITPOINT WARNING * * *
You are lethally poisoned!
You feel as though you will be slow longer.
The killer bee closely misses you. The hornet stings you.
* * * LOW HITPOINT WARNING * * *
You suddenly lose the ability to move!
The killer bee stings you!
* * * LOW HITPOINT WARNING * * *
You are more poisoned.
The killer bee poisons you! The hornet stings you.
You die...

#........#.# #.....
#..........# #.####
##......#..# #.#
#....#...## #.#
#.#.#.^.## #.# #.#...<.#
#.# #y#.###.#####.#
#y#.# #.......#
#@#.###.#######
########### #y#.....#
..........######.###.###
#######..............#
.................#####
#######.#........# ....#
#.########## ###.# #.#
#.# #.#


You could see a hornet and 2 killer bees.

Vanquished Creatures
  Prince Ribbit (D:7)
  A shadow (D:8)
  Sigmund (D:5)
  3 yaks (D:8)
  A steam dragon (D:8)
  Menkaure (D:7)
  Edmund (D:5)
  A sky beast (D:4)
  3 ice beasts
  3 orc warriors
  A black bear (D:7)
  4 ogres
  2 centaurs
  3 bullfrogs
  3 scorpions
  A gnoll sergeant (D:6)
  A wight (D:5)
  14 killer bees
  3 howler monkeys
  2 orc priests
  6 hounds
  A gnoll bouda (D:5)
  4 iguanas
  A sleepcap (D:8)
  7 orc wizards
  Robin (D:3)
  22 gnolls
  9 adders
  3 worms (D:2)
  3 dart slugs
  23 orcs
  2 bats
  7 endoplasms
  2 giant cockroaches
  15 goblins
  12 hobgoblins
  8 jackals
  5 kobolds
  9 quokkas
  9 ball pythons
  11 frilled lizards
  3 rats
213 creatures vanquished.

Vanquished Creatures (others)
  A sky beast (D:7)
  A fungus (D:3)
  9 plants
11 creatures vanquished.

Grand Total: 224 creatures vanquished

Notes
Turn   | Place    | Note
-------+----------+-------------------------------------------
     0 | D:1      | cforsyth the Human Fighter began the quest for the Orb.
     0 | D:1      | Reached XP level 1. HP: 18/18 MP: 1/1
   126 | D:1      | Reached XP level 2. HP: 22/24 MP: 2/2
   310 | D:1      | Reached XP level 3. HP: 18/29 MP: 3/3
  1507 | D:2      | Reached XP level 4. HP: 37/37 MP: 4/4
  1678 | D:3      | Identified the +4 ring mail of Eternal Night {rN+}
  1763 | D:3      | Reached skill level 4 in Fighting
  2119 | D:3      | Reached XP level 5. HP: 21/42 MP: 5/5
  2307 | D:3      | Identified the +3 whip "Rarhilyrr" {flame, rN+}
  2591 | D:3      | Found a faded altar of an unknown god.
  3210 | D:4      | Noticed Robin
  3230 | D:3      | Killed Robin
  3231 | D:3      | Reached XP level 6. HP: 43/50 MP: 6/6
  3318 | D:4      | Reached skill level 5 in Fighting
  3482 | D:4      | Found a glowing golden altar of the Shining One.
  3782 | D:4      | Noticed an ogre
  3792 | D:4      | Killed an ogre
  3793 | D:4      | Reached skill level 5 in Maces & Flails
  3793 | D:4      | Reached XP level 7. HP: 47/56 MP: 7/7
  3985 | D:4      | Found a bloodstained altar of Trog.
  4101 | D:4      | Reached skill level 6 in Fighting
  4177 | D:3      | Found a radiant altar of Vehumet.
  4440 | D:5      | Entered Level 5 of the Dungeon
  4593 | D:5      | Reached XP level 8. HP: 65/65 MP: 8/8
  4604 | D:5      | Found a faded altar of an unknown god.
  4604 | D:5      | Found a hide-covered altar of Uskayaw.
  4612 | D:5      | Found a faded altar of an unknown god.
  4614 | D:5      | Found an iron altar of Okawaru.
  4616 | D:5      | Found a blossoming altar of Fedhas.
  4683 | D:5      | Became a worshipper of Warmaster Okawaru
  4728 | D:5      | Found Cexy's Book Emporium.
  4780 | D:5      | Found a staircase to the Ecumenical Temple.
  4827 | D:5      | Reached skill level 7 in Fighting
  5541 | D:5      | Noticed Sigmund
  5552 | D:5      | Killed Sigmund
  5552 | D:5      | Reached * piety under Okawaru
  5572 | D:5      | Noticed Edmund
  5590 | D:5      | Killed Edmund
  5591 | D:5      | Reached skill level 8 in Fighting
  5591 | D:5      | Reached XP level 9. HP: 34/74 MP: 9/9
  6213 | D:5      | Reached skill level 9 in Fighting
  6332 | D:6      | Reached ** piety under Okawaru
  6677 | D:7      | Noticed Menkaure
  6684 | D:7      | Killed Menkaure
  6868 | D:7      | Reached XP level 10. HP: 84/84 MP: 10/10
  6926 | D:7      | Reached skill level 10 in Fighting
  7350 | D:7      | Noticed Prince Ribbit
  7359 | D:7      | Killed Prince Ribbit
  7360 | D:7      | Reached skill level 10 in Maces & Flails
  7619 | D:8      | Reached *** piety under Okawaru
  7665 | D:8      | Found a basalt altar of Yredelemnul.
  7828 | D:8      | Found a white marble altar of Elyvilon.
  8369 | D:8      | Reached skill level 11 in Fighting
  8708 | D:9      | Noticed a two-headed ogre
  9140 | D:9      | Noticed a two-headed ogre
  9414 | D:8      | Paralysed by a hornet for 1 turns
  9423 | D:8      | Paralysed by a hornet for 3 turns
  9423 | D:8      | HP: 1/87 [killer bee (7)]
  9423 | D:8      | Slain by a hornet

Illustrated notes

Levels and vault maps discovered:
D:1:      wander_arrival_chamber, layout_loops_ring
D:2:      layout_basic
D:3:      layout_basic, nicolae_overflow_ecumenical_swirl,
          minmay_shallow_snake_nest
D:4:      minmay_inner_zag, layout_basic, kennysheep_little_box, tso_metal_star,
          minmay_lizard_king, uniq_robin
D:5:      layout_gridville, chequers_temple_overflow_minitemple,
          minmay_temple_entry_statues_fountains, serial_shops,
          nicolae_shop_advertising_works [nicolae_subvault_shop_adworks],
          sigmund_edmund_badplayer
D:6:      layout_basic, minmay_misc_feat_room
D:7:      layout_loops_ring, uniq_prince_ribbit1, uniq_menkaure
D:8:      layout_loops_ring, elyvilon_altar_4, overflow_temple_1_default,
          minmay_splitting_lines
D:9:      layout_roguey, david_lair_shrubbed, chequers_serial_rivers_large_a

Skill      XL: |  1  2  3  4  5  6  7  8  9 10 |
---------------+-------------------------------+-----
Maces & Flails | 3 4 5 6 7 9 10 | 10.9
Fighting       | 4 5 6 8 9 11 | 11.1
Armour         | |  3.0
Shields        | |  3.0

Action                     |  1- 3 |  4- 6 |  7- 9 | 10-12 || total
---------------------------+-------+-------+-------+-------++-------
  Melee: Flail             |   137 |    71 |   112 |   145 ||   465
         Whip              |       |   160 |   237 |       ||   397
  Evoke: Wand              |       |       |       |    12 ||    12
    Use: Scroll            |       |       |    10 |       ||    10
         Potion            |       |       |       |     3 ||     3
 Armour: Scale mail        |    62 |       |       |       ||    62
         Ring mail         |       |   135 |   153 |   108 ||   396
  Dodge: Dodged            |    52 |   150 |   196 |    82 ||   480
  Block: Buckler           |    38 |    55 |    85 |    50 ||   228

Table legend: (Time is in decaauts)
 A = Elapsed time spent in this place.
 B = Non-inter-level travel time spent in this place.
 C = Inter-level travel time spent in this place.
 D = Time resting spent in this place.
 E = Time spent auto-exploring this place.
 F = Levels seen in this place.
 G = Mean time per level.
                   A        B        C        D        E       F      G
               +--------+--------+--------+--------+--------+-----+--------+
         Total |   9427 |   9135 |    292 |   1491 |   5741 |   9 | 1047.4 |
       Dungeon |   9427 |   9135 |    292 |   1491 |   5741 |   9 | 1047.4 |
               +--------+--------+--------+--------+--------+-----+--------+

Top non-repeatable levels by time:
     D:8: 1758 daAuts
     D:3: 1507 daAuts
     D:5: 1259 daAuts
     D:4: 1193 daAuts
     D:1: 930 daAuts
     D:2: 903 daAuts
     D:6: 895 daAuts
     D:7: 876 daAuts
     D:9: 103 daAuts
